 Dungeon Crawl Stone Soup version 0.31-a0-1096-g246cf01 (webtiles) character file.

Game seed: 4902286780804312846

4832 PidgeyThePirate the Covert (level 10, 0/60 HPs)
             Began as a Kobold Brigand on Nov 29, 2023.
             Was a Believer of Dithmenos.
             Slain by a manticore (18 damage)
             ... on level 9 of the Dungeon.
             The game lasted 00:26:45 (8310 turns).

PidgeyThePirate the Covert (Kobold Brigand)         Turns: 8310, Time: 00:26:46

Health: 0/60       AC: 10    Str: 14    XL:     10   Next: 77%
Magic:  10/10      EV: 18    Int: 12    God:    Dithmenos [**....]
Gold:   525        SH:  5    Dex: 19    Spells: 9/9 levels left

rFire   . . .        g - +1 dagger (elec)
rCold   + . .        (no shield)
rNeg    . . .        G - +1 leather armour of Vaid {rElec rCorr Str+3}
rPois   .            E - +0 helmet
rElec   +            c - +1 cloak
rCorr   +            S - +1 pair of gloves
SInv    .            (no boots)
Will    .....        K - amulet of reflection
Stlth   +++++++++    q - +4 ring of slaying
HPRegen 0.30/turn    J - ring of protection from cold
MPRegen 0.12/turn

%: reflection
@: wreathed by umbra
A: small, no large weapons, nightstalker 3
a: Renounce Religion, Shadow Step


You were on level 9 of the Dungeon.
You worshipped Dithmenos.
Dithmenos was pleased with you.
You visited 1 branch of the dungeon, and saw 9 of its levels.
You also visited: Ossuary.

You collected 525 gold pieces.

Inventory:

Hand Weapons
 a - a +2 dagger
 g - a +1 dagger of electrocution (weapon)
Missiles
 d - 12 poisoned darts (quivered)
 e - 4 curare-tipped darts
Armour
 b - a +0 robe
 c - a +1 cloak (worn)
 k - a +0 leather armour
 E - a +0 helmet (worn)
 G - the +1 leather armour of Vaid (worn) {rElec rCorr Str+3}
   (You found it on level 5 of the Dungeon)

   Str+3:     It affects your strength (+3).
   rElec:     It insulates you from electricity.
   rCorr:     It protects you from acid and corrosion.
 S - a +1 pair of gloves (worn)
Jewellery
 n - an amulet of magic regeneration
 q - a +4 ring of slaying (left hand)
 u - a +4 ring of protection
 x - a ring of flight
 I - a ring of fire
 J - a ring of protection from cold (right hand)
 K - an amulet of reflection (around neck)
 L - a ring of fire
 P - a +5 ring of evasion
Wands
 F - a wand of polymorph (12)
Scrolls
 h - 2 scrolls of revelation {unknown}
 i - a scroll of torment {unknown}
 j - 3 scrolls of immolation
 m - 5 scrolls of identify
 r - 2 scrolls of vulnerability
 t - a scroll of fear {unknown}
 y - 3 scrolls of enchant armour
 z - a scroll of blinking {unknown}
 H - 3 scrolls of enchant weapon {unknown}
 M - a scroll of amnesia {unknown}
 O - a scroll of butterflies {unknown}
 Q - 3 scrolls of fog {unknown}
 R - a scroll of teleportation
Potions
 f - 2 potions of curing
 l - a potion of mutation {unknown}
 o - a potion of magic {unknown}
 p - 2 potions of brilliance {unknown}
 s - 4 potions of degeneration
 v - a potion of enlightenment
 w - 2 potions of berserk rage
 A - a potion of attraction {unknown}
 B - a potion of cancellation
 C - a potion of haste
 D - a potion of ambrosia {unknown}
 N - a potion of invisibility {unknown}


   Skills:
 + Level 5.9 Fighting
 + Level 9.7 Short Blades
 + Level 2.7 Throwing
 + Level 3.8 Armour
 + Level 6.3 Dodging
 + Level 14.4 Stealth
 + Level 1.9 Shields


You had 9 spell levels left.
You didn't know any spells.
Your spell library contained the following spells:

 Spells                   Type           Power      Damage    Failure   Level
 Sandblast                Erth           0%         2d4       38%         1
 Ensorcelled Hibernation  Hex/Ice        0%         N/A       52%         2
 Passwall                 Tmut/Erth      0%         N/A       52%         2
 Stone Arrow              Conj/Erth      0%         3d7       77%         3
 Swiftness                Air            0%         N/A       77%         3
 Brom's Barrelling Bould  Conj/Erth      0%         2d3       99%         4
 Leda's Liquefaction      Hex/Erth       0%         N/A       99%         4
 Lee's Rapid Deconstruct  Erth           0%         3d4*      100%        5
 Bombard                  Conj/Erth      0%         9d1       100%        6


Dungeon Overview and Level Annotations

Branches:
Dungeon (9/15)             Temple (0/1) D:6            Lair (0/5) D:8
Ossuary (visited)
    Orc: D:9-12

Altars:
Ashenzari
Dithmenos
Hepliaklqana
Kikubaaqudgha
Makhleb
Qazlal
Trog
Xom
Yredelemnul


Innate Abilities, Weirdness & Mutations

You are small and have problems with some larger weapons.
You are completely attuned to the shadows.


Message History

You hit the manticore.
Lightning courses through the manticore!
The manticore is heavily wounded.
The orc hits you with a +0 flail. You block the manticore's attack.
The manticore misses you. The manticore completely misses you.
An orc warrior comes into view. It is wielding a +0 halberd.
You barely miss the manticore.
The manticore is heavily wounded.
You hit the manticore.
The manticore is heavily wounded.
The orc misses you. The manticore bites you!! The manticore claws you.
The manticore barely misses you.
You hit the manticore.
The manticore is heavily wounded.
You hit the manticore.
The manticore is severely wounded.
The orc completely misses you. The manticore misses you.
The manticore barely misses you. The manticore closely misses you.
The orc warrior hits you from afar with a +0 halberd.
You hit the manticore but do no damage.
The manticore is severely wounded.
You hit the manticore but do no damage.
The manticore is severely wounded.
You block the orc's attack. The orc warrior completely misses you.
The manticore bites you!
* * * LOW HITPOINT WARNING * * *
The manticore misses you. The manticore claws you.
* * * LOW HITPOINT WARNING * * *
You feel better. The orc barely misses you. The orc warrior barely misses you.
The manticore closely misses you.
The manticore claws you but does no damage.
The manticore claws you.
* * * LOW HITPOINT WARNING * * *
You barely miss the manticore.
The manticore is severely wounded.
You hit the manticore.
The manticore is severely wounded.
You carefully extract the barbed spikes from your body.
The orc closely misses you. The manticore bites you!!
You die...

≈≈≈≈≈≈ ≈≈≈≈≈
######≈≈≈≈##
##o...##8≈≈≈##
#.H@†..##.≈≈≈##
#.o####..#8.≈≈≈#.
#. #..'..<≈≈.. #
#(.'...≈≈..
#..#8.≈≈≈.#
...##.≈≈≈.## ..#
8≈≈≈..#


You could see a manticore, an orc warrior and an orc.

Vanquished Creatures
  A freezing wraith (D:7)
  Grinder (D:4)
  A hornet (D:8)
  A wyvern (D:8)
  2 yaks
  2 basilisks (D:8)
  A water moccasin (D:7)
  2 orc warriors
  3 sky beasts
  3 black bears
  3 centaurs
  The ghost of oops the Sneak, an amateur DsWn (D:3)
  A kobold brigand (D:7)
  3 bullfrogs
  6 elf zombies (Ossuary)
  4 scorpions
  4 killer bees (D:7)
  3 howler monkeys
  4 orc priests
  2 centaur zombies (Ossuary)
  A jelly (D:7)
  4 human zombies (Ossuary)
  4 hounds
  5 iguanas
  4 orc wizards
  3 sleepcaps
  Natasha (thrice) (D:4)
  4 mummies
  4 gnolls (D:7)
  8 adders
  4 ufetubi
  2 worms (D:2)
  2 dart slugs (D:3)
  16 orcs
  7 ball pythons
  A bat zombie (D:5)
  7 endoplasms
  A giant cockroach (D:2)
  4 goblins
  4 hobgoblins
  5 jackals
  13 kobolds
  3 quokkas
  5 bats
  4 frilled lizards
  8 rats
  2 rat zombies (D:5)
176 creatures vanquished.

Notes
Turn   | Place    | Note
-------+----------+-------------------------------------------
     0 | D:1      | PidgeyThePirate the Kobold Brigand began the quest for the
                  | Orb.
     0 | D:1      | Reached XP level 1. HP: 12/12 MP: 1/1
   483 | D:1      | Reached XP level 2. HP: 14/17 MP: 2/2
  1331 | D:2      | Reached skill level 6 in Stealth
  1331 | D:2      | Reached XP level 3. HP: 21/21 MP: 3/3
  1987 | D:2      | Reached XP level 4. HP: 26/26 MP: 4/4
  2295 | D:3      | Reached skill level 1 in Armour
  2353 | D:3      | Found a shadowy altar of Dithmenos.
  2361 | D:3      | Became a worshipper of Dithmenos the Shadowed
  2406 | D:3      | Identified the +2 spear of an ossuary {freeze, *Noise rElec
                  | Int+6 Stlth+}
  2512 | D:3      | Found a large runed translucent door.
  2522 | D:3      | Found a large runed translucent door.
  2720 | D:3      | Noticed oops's ghost (amateur DsWn)
  2742 | D:3      | Killed oops's ghost
  2743 | D:3      | Reached skill level 7 in Stealth
  2743 | D:3      | Reached XP level 5. HP: 28/31 MP: 5/5
  2867 | D:4      | Reached skill level 8 in Stealth
  2867 | D:4      | Reached XP level 6. HP: 36/36 MP: 6/6
  2913 | D:4      | Found a sand-covered staircase.
  2924 | Ossuary  | Entered an ossuary
  3042 | Ossuary  | Reached XP level 7. HP: 33/40 MP: 7/7
  3058 | Ossuary  | Reached skill level 9 in Stealth
  3081 | Ossuary  | Reached skill level 5 in Short Blades
  3374 | Ossuary  | Reached XP level 8. HP: 45/46 MP: 8/8
  3596 | D:4      | Noticed Natasha
  3604 | D:4      | Killed Natasha
  3631 | D:4      | Noticed Natasha
  3640 | D:4      | Killed Natasha
  3640 | D:4      | Reached * piety under Dithmenos
  3645 | D:4      | Noticed Natasha
  3683 | D:4      | Killed Natasha
  3926 | D:4      | Noticed Grinder
  3941 | D:4      | Paralysed by Grinder for 2 turns
  3958 | D:4      | Paralysed by Grinder for 3 turns
  3961 | D:4      | Killed Grinder
  3962 | D:4      | Reached skill level 10 in Stealth
  4333 | D:4      | Found a shimmering altar of Xom.
  4341 | D:4      | Found a basalt altar of Yredelemnul.
  4585 | D:5      | Entered Level 5 of the Dungeon
  5083 | D:5      | Reached XP level 9. HP: 52/52 MP: 9/9
  5156 | D:5      | Identified the +1 leather armour of Vaid {rElec rCorr
                  | Str+3}
  5212 | D:5      | Found an ancient bone altar of Kikubaaqudgha.
  5332 | D:5      | Found a stormy altar of Qazlal.
  5535 | D:6      | Found Nenant's Distillery.
  5559 | D:6      | Reached skill level 11 in Stealth
  5693 | D:6      | Found a staircase to the Ecumenical Temple.
  5997 | D:6      | Reached skill level 12 in Stealth
  6060 | D:7      | Found a transporter.
  6080 | D:7      | Found a burning altar of Makhleb.
  6081 | D:7      | Found a hazy altar of Hepliaklqana.
  6081 | D:7      | Noticed a freezing wraith
  6082 | D:7      | Found a bloodstained altar of Trog.
  6093 | D:7      | Found a transporter.
  6194 | D:7      | Found a broken altar of Ashenzari.
  6406 | D:7      | Reached skill level 13 in Stealth
  6722 | D:7      | Reached XP level 10. HP: 39/58 MP: 10/10
  6735 | D:7      | Reached skill level 5 in Fighting
  6847 | D:7      | Reached ** piety under Dithmenos
  7202 | D:7      | Reached skill level 5 in Dodging
  7206 | D:7      | Reached skill level 1 in Shields
  7227 | D:7      | Killed a freezing wraith
  7772 | D:8      | Identified the +0 robe of Golden Birdsong {Rampage Slay+3}
  7841 | D:8      | Found a staircase to the Lair.
  7847 | D:8      | Reached skill level 14 in Stealth
  8291 | D:9      | Noticed a manticore
  8310 | D:9      | Slain by a manticore

Illustrated notes

Levels and vault maps discovered:
D:1:      nzn_arrival_depleted_hourglass, layout_basic,
          ebering_dispersal_statue_hall, minivault_24, minmay_statues_item
D:2:      layout_loops_ring
D:3:      layout_rooms, nicolae_dithmenos_shadow_blocks,
          ebering_ghost_disaster_area
D:4:      layout_cave_pods, mainiacjoe_overflow_big_doors,
          gup_ossuary_entry_pyramid, uniq_grinder, uniq_natasha
D:5:      layout_cave_pods, lemuel_zombie_altar_kikubaaqudgha,
          nicolae_qazlal_scattered_showers
D:6:      layout_rooms, minmay_temple_entry_statues, serial_shops,
          nicolae_shop_advertising_works [nicolae_subvault_shop_adworks]
D:7:      layout_cave_pools, mainiacjoe_overflow_tiny_flanked,
          gammafunk_temple_overflow_arena
D:8:      layout_loops_corners, david_lair_generic
D:9:      layout_layer_cave, serial_shops, nicolae_shop_back_alley_shop,
          kennysheep_island_fort, uniq_pikel

Skill      XL: |  1  2  3  4  5  6  7  8  9 10 |
---------------+-------------------------------+-----
Short Blades   | 3 4 6 7 8 9 |  9.7
Stealth        | 6 7 8 9 10 13 14 | 14.4
Armour         | 1 2 3 |  3.8
Dodging        | 2 3 4 6 |  6.3
Fighting       | 3 4 5 |  5.9
Shields        | 1 |  1.9
Throwing       | |  2.7

Action                     |  1- 3 |  4- 6 |  7- 9 | 10-12 || total
---------------------------+-------+-------+-------+-------++-------
  Melee: Dagger            |    75 |    88 |   333 |   134 ||   630
         Punch             |       |     1 |     4 |     2 ||     7
  Throw: Dart              |     9 |       |       |       ||     9
    Use: Potion            |       |       |     4 |     7 ||    11
         Scroll            |       |       |     5 |     1 ||     6
   Stab: Sleeping          |    20 |    16 |    42 |    10 ||    88
         Distracted        |       |     1 |       |     2 ||     3
 Armour: Robe              |     7 |       |       |       ||     7
         Leather armour    |    21 |    34 |   111 |    46 ||   212
         Skin              |       |       |     2 |       ||     2
  Dodge: Dodged            |    30 |    26 |   188 |    80 ||   324
  Block: Other             |       |       |    27 |    14 ||    41

Table legend: (Time is in decaauts)
 A = Elapsed time spent in this place.
 B = Non-inter-level travel time spent in this place.
 C = Inter-level travel time spent in this place.
 D = Time resting spent in this place.
 E = Time spent auto-exploring this place.
 F = Levels seen in this place.
 G = Mean time per level.
                   A        B        C        D        E       F      G
               +--------+--------+--------+--------+--------+-----+--------+
         Total |   8110 |   7923 |    187 |      0 |   5874 |  10 |  811.0 |
       Dungeon |   7658 |   7471 |    187 |      0 |   5688 |   9 |  850.9 |
       Ossuary |    451 |    451 |      0 |      0 |    186 |   1 |  451.0 |
               +--------+--------+--------+--------+--------+-----+--------+

Top non-repeatable levels by time:
     D:4: 1288 daAuts
     D:1: 1200 daAuts
     D:7: 1187 daAuts
     D:5: 955 daAuts
     D:2: 942 daAuts
     D:8: 932 daAuts
     D:3: 619 daAuts
     D:6: 513 daAuts
 Ossuary: 451 daAuts
     D:9: 19 daAuts
